AoeStats
← 化劲省二

Arena

504875909Analyzed
1v1 RM · 26d ago on Sep 6, 2026· 29m 4s· 2 players
Game mode
Random Map
Map size
Tiny (2 player)
Population
200
Speed
Normal
Resources
Standard
Victory
Conquest
Starting age
Dark Age
Ending age
Imperial Age
RankedLock teamsTeams togetherTeam positionsShared explorationLock speedFull tech treeHidden civsTurbo modeCheats
Victory
Defeat
🇩🇪 Muisca · Germany
1189
+15
🇨🇳 Jurchens · China
1173
-15
化劲省二
11:04 Feudal Age
12:53 Double-Bit Axe
15:20 Castle Age
13:37 Gold Mining
14:23 Stone Mining
14:17 Horse Collar
16:36 Loom
18:16 Wheelbarrow
27:20 Town Watch
28:23 Bow Saw
Secret_jed
7:16 Loom
10:25 Feudal Age
15:29 Castle Age
15:46 Double-Bit Axe
16:13 Fletching
18:56 Bodkin Arrow
Connection lost

Rejoining the realm…

Still unreachable

The connection could not be restored.

Session expired

The server has moved on; the page needs a fresh start.